 Dungeon Sprint DCSS version 0.18-a0-1692-g516f9e9 (webtiles) character file.

292 kae the Basher (level 6, -8/51 HPs)
             Began as a Minotaur Fighter on Apr 5, 2016.
             Mangled by a slime creature (16 damage)
             ... in the Dungeon (Sprint I: "Red Sonja").
             The game lasted 00:01:11 (579 turns).

kae the Basher (Minotaur Fighter)                    Turns: 579, Time: 00:01:11

Health: -8/51      AC:  6    Str: 20    XL:     6   Next: 10%
Magic:  5/5        EV:  7    Int:  7    God:
Gold:   297        SH:  9    Dex: 10    Spells: 0 memorised, 5 levels left

rFire  . . .     SeeInvis .     a - +0 flail
rCold  . . .     Gourm    .     b - +0 scale mail
rNeg   . . .     Faith    .     c - +0 shield
rPois  .         Spirit   .     (helmet restricted)
rElec  .         Dismiss  .     (no cloak)
rCorr  .         Reflect  .     (no gloves)
SustAt .         Harm     .     (no boots)
MR     .....     NoTele   +     (no amulet)
Stlth  ..........               (no ring)
                                (no ring)

@: not resistant to hostile enchantments, extremely unstealthy
A: retaliatory headbutt, horns 2
a: no special abilities


You were in the Dungeon.
You were not hungry.

You visited 1 branch You collected 297 gold pieces.

Inventory:

Hand Weapons
 a - a +0 flail (weapon)
Armour
 b - a +0 scale mail (worn)
 c - a +0 shield (worn)
Scrolls
 k - a scroll of blinking
 l - a scroll of random uselessness {unknown}
 m - a scroll of summoning {unknown}
Potions
 d - a potion of might
 e - a potion of curing
 g - a potion of heal wounds
 h - a potion of haste
 i - 2 potions of magic
 j - a potion of berserk rage
Comestibles
 f - a bread ration


   Skills:
 - Level 3.6 Fighting
 + Level 14.6 Maces & Flails
 - Level 3.6 Armour
 - Level 3.6 Shields


You had 5 spell levels left.
You didn't know any spells.

Dungeon Overview and Level Annotations

Branches:
Dungeon (1/1)

Altars:
Cheibriados
Dithmenos
Fedhas
Sif Muna
Vehumet
Jiyva


Innate Abilities, Weirdness & Mutations

You reflexively headbutt those who attack you in melee.
You have a pair of horns on your head.


Message History

The slime creature hits you.
You hit the slime creature.
The slime creature is heavily wounded.
The slime creature closely misses you.
You sock the slime creature!
The slime creature is severely wounded.
You completely miss the slime creature.
The slime creature is severely wounded.
The slime creature hits you but does no damage.
You sock the slime creature!
The slime creature is severely wounded.
The slime creature hits you!
* * * LOW HITPOINT WARNING * * *
You are too injured to fight recklessly!
You are too injured to fight recklessly!
You are too injured to fight recklessly!
You sock the slime creature!
The slime creature is almost dead.
The slime creature hits you!
You die...

###################
#<.#..').#.)'..#__#
#..').#..'..#..J..+
#..#####'#####@#__#
#..# #..#...#.####
#..# ####..##.#
#..# ##'#..+ #⌠⌠#
+..._# #### #_.#+#
##+#


You could see a slime creature.

Vanquished Creatures
  Sigmund (D)
  An ogre (D)
  A jelly (D)
  Ijyb (D)
4 creatures vanquished.

Notes
Turn   | Place    | Note
--------------------------------------------------------------
     0 | D        | kae the Minotaur Fighter began the quest for the Orb.
     0 | D        | Reached XP level 1. HP: 19/19 MP: 0/0
     1 | D        | Noticed Ijyb
    10 | D        | Killed Ijyb
    10 | D        | Reached skill level 7 in Maces & Flails
    10 | D        | Reached XP level 2. HP: 26/26 MP: 1/1
    13 | D        | Noticed an ogre
    18 | D        | Killed an ogre
    18 | D        | Reached skill level 10 in Maces & Flails
    18 | D        | Reached XP level 3. HP: 11/31 MP: 2/2
    18 | D        | Reached XP level 4. HP: 14/39 MP: 3/3
   177 | D        | Noticed Sigmund
   183 | D        | Killed Sigmund
   183 | D        | Reached skill level 14 in Maces & Flails
   183 | D        | Reached XP level 5. HP: 18/45 MP: 4/4
   371 | D        | Found a deep blue altar of Sif Muna.
   373 | D        | Found a radiant altar of Vehumet.
   378 | D        | Reached XP level 6. HP: 22/51 MP: 5/5
   569 | D        | Found a viscous altar of Jiyva.
   569 | D        | Found a blossoming altar of Fedhas.
   569 | D        | Noticed a slime creature
   570 | D        | Found a snail-covered altar of Cheibriados.
   570 | D        | Found a shadowy altar of Dithmenos.
   579 | D        | Mangled by a slime creature

Vault maps used:
D:        dungeon_sprint_1

Skill      XL: |  1  2  3  4 |
---------------+-------------+-----
Maces & Flails | 7 10 14 | 14.6
Fighting       | |  3.6
Armour         | |  3.6
Shields        | |  3.6

Action                   |  1- 3 |  4- 6 || total
-------------------------+-------+-------++-------
Melee: Flail             |    12 |    17 ||    29
